 Dungeon Crawl Stone Soup version 0.30.1-9-gdf580d7c3d (webtiles) character file.

Game seed: 17427252340995009988

1449989 diecastcamel the Conqueror (level 27, 224/224 HPs)
             Began as a Merfolk Gladiator on Sept 19, 2023.
             Was an Elder of Elyvilon.
             Escaped with the Orb
             ... and 3 runes on Oct 2, 2023!
             The game lasted 09:16:30 (94939 turns).

diecastcamel the Conqueror (Merfolk Gladiator)     Turns: 94939, Time: 09:16:31

Health: 224/224    AC: 32    Str: 21 (23) XL:     27
Magic:  37/37      EV: 29    Int:  4 (6)  God:    Elyvilon [****..]
Gold:   3719       SH: 18    Dex: 19      Spells: 24/26 levels left

rFire   + + +        z - +9 trident (flame)
rCold   + + .        f - +2 kite shield {rC+ rF+}
rNeg    + . .        K - quicksilver dragon scales
rPois   +            d - +1 helmet of Kitodoew {rElec rN+ Int-3 Dex+3}
rElec   +            a - +2 cloak
rCorr   .            M - +2 pair of gloves
SInv    .            F - +2 pair of boots {Fly}
Will    ++++.        D - amulet "Qezipp" {RegenMP rPois rF+++ Regen+ Int-3}
Stlth   +            R - ring "Jempythri" {Wiz Will+ Str+3}
HPRegen 1.37/turn    A - ring "Huleiz" {Drain +Blink Fly rF+ Dex+3}
MPRegen 0.65/turn

%: wizardry (x1)
@: flying, wreathed by umbra, studying 3 skills
A: (nimble swimmer 2), mertail, iridescent scales 1, clumsy 2, cold resistance
1, deterioration 1, frail 1, sense surroundings 1, screaming 2, shaggy fur 1,
weak 1, no potion heal 1, heat vulnerability 1, subdued magic 1, devolution 1
0: Orb of Zot
}: 3/15 runes: decaying, serpentine, silver
a: Renounce Religion, Evoke Blink, Purification, Heal Other, Heal Self


You escaped.
You worshipped Elyvilon.
Elyvilon was greatly pleased with you.
You visited 10 branches of the dungeon, and saw 48 of its levels.
You visited the Abyss 1 time.
You also visited: Sewer and Bailey.

You collected 7841 gold pieces.
You spent 4122 gold pieces at shops.

Inventory:

Hand Weapons
 z - a +9 trident of flaming (weapon)
Missiles
 l - 12 boomerangs of dispersal
 u - 2 silver boomerangs
 O - 6 javelins
 S - 5 boomerangs (quivered)
 Z - 3 silver javelins
Armour
 a - a +2 cloak (worn)
 d - the +1 helmet of Kitodoew (worn) {rElec rN+ Int-3 Dex+3}
   (You acquired it on level 2 of the Elven Halls)

   Int:       It affects your intelligence (-3).
   Dex:       It affects your dexterity (+3).
   rElec:     It insulates you from electricity.
   rN:        It protects you from negative energy.
 f - a +2 kite shield of resistance (worn)
 F - a +2 pair of boots of flying (worn)
 K - quicksilver dragon scales (worn)
 M - a +2 pair of gloves (worn)
 P - a +2 hat
Jewellery
 c - the ring of Fuist {rPois rCorr Str+3 Int+2}
   (You found it on level 5 of the Vaults)

   [ring of resist corrosion]

   Str:       It affects your strength (+3).
   Int:       It affects your intelligence (+2).
   rPois:     It protects you from poison.
   rCorr:     It protects you from acid and corrosion.
 q - the dreamshard necklace {*Dream Drain}
   (You took it off a yaktaur captain on level 5 of the Vaults)

   [amulet of nothing]

   *Dream:    It shatters if its wearer takes lethal or near-lethal damage,
   preventing the blow and releasing protective dreams that heal and fight for
   the wearer.
   Drain:     It drains your maximum health when unequipped.
 r - the ring "Nucimp" {rPois rF+ Str+6}
   (You took it off a deep elf death mage on level 3 of the Elven Halls)

   [ring of strength]

   Str:       It affects your strength (+6).
   rF:        It protects you from fire.
   rPois:     It protects you from poison.
 A - the ring "Huleiz" (right hand) {Drain +Blink Fly rF+ Dex+3}
   (You found it on level 4 of the Vaults)

   [ring of flight]

   Dex:       It affects your dexterity (+3).
   rF:        It protects you from fire.
   Fly:       It grants you flight.
   +Blink:    It lets you blink.
   Drain:     It drains your maximum health when unequipped.
 D - the amulet "Qezipp" (around neck) {RegenMP rPois rF+++ Regen+ Int-3}
   (You took it off a deep elf sorcerer on level 3 of the Elven Halls)

   [amulet of magic regeneration]

   It increases your rate of magic regeneration.
   Int:       It affects your intelligence (-3).
   rF:        It renders you almost immune to fire.
   rPois:     It protects you from poison.
   Regen:     It increases your rate of health regeneration.
 R - the ring "Jempythri" (left hand) {Wiz Will+ Str+3}
   (You took it off a deep elf blademaster on level 3 of the Elven Halls)

   [ring of wizardry]

   It improves your spell success rate.
   Str:       It affects your strength (+3).
   Will:      It increases your willpower.
Wands
 b - a wand of charming (39)
 e - a wand of flame (113)
 j - a wand of quicksilver (8)
 n - a wand of polymorph (20)
 I - a wand of iceblast (18)
 N - a wand of digging (8)
 U - a wand of mindburst (2)
Scrolls
 g - 3 scrolls of brand weapon
 i - a scroll of silence
 m - a scroll of enchant weapon
 o - 10 scrolls of immolation
 s - 2 scrolls of poison
 v - 22 scrolls of teleportation
 B - 8 scrolls of fear
 J - 6 scrolls of fog
 L - 2 scrolls of summoning
 Q - 6 scrolls of magic mapping
 V - a scroll of blinking
Potions
 h - a potion of might
 k - 2 potions of cancellation
 t - 11 potions of curing
 w - a potion of haste
 x - 5 potions of invisibility
 C - 5 potions of berserk rage
 E - 10 potions of resistance
 G - 7 potions of ambrosia
 W - a potion of mutation
 X - 2 potions of heal wounds
Miscellaneous
 p - a phial of floods (inert)
 y - a box of beasts
 H - a condenser vane
 Y - a phantom mirror


   Skills:
 O Level 27 Fighting
 - Level 18.0 Polearms
 - Level 16.0 Throwing
 + Level 15.4 Armour
 O Level 27 Dodging
 - Level 20.0 Shields
 - Level 20.0 Invocations
 - Level 11.0 Evocations


You had 24 spell levels left.
You knew the following spells:

 Your Spells              Type           Power      Damage    Failure   Level
a - Blink                 Tloc           0%         N/A       45%         2

Your spell library contained the following spells:

 Spells                   Type           Power      Damage    Failure   Level
 Apportation              Tloc           0%         N/A       34%         1
 Beastly Appendage        Tmut           0%         N/A       34%         1
 Foxfire                  Conj/Fire      0%         2x1d4     34%         1
 Freeze                   Ice            0%         1d3       34%         1
 Kiss of Death            Conj/Necr      0%         2d5       34%         1
 Magic Dart               Conj           0%         1d3       34%         1
 Sandblast                Erth           0%         2d4       34%         1
 Shock                    Conj/Air       0%         1d3       34%         1
 Slow                     Hex            0%         N/A       34%         1
 Call Imp                 Summ           0%         N/A       45%         2
 Ensorcelled Hibernation  Hex/Ice        0%         N/A       45%         2
 Lesser Beckoning         Tloc           0%         N/A       45%         2
 Momentum Strike          Conj/Tloc      0%         3d8       45%         2
 Passwall                 Tmut/Erth      0%         N/A       45%         2
 Scorch                   Fire           0%         2d5       45%         2
 Searing Ray              Conj           0%         2d4       45%         2
 Sublimation of Blood     Necr           0%         N/A       45%         2
 Wereblood                Tmut           0%         N/A       45%         2
 Confusing Touch          Hex            0%         N/A       71%         3
 Frozen Ramparts          Ice            0%         1d1       71%         3
 Gell's Gravitas          Tloc           0%         N/A       71%         3
 Hailstorm                Conj/Ice       0%         3d3       71%         3
 Ignite Poison            Fire/Tmut/Pois 0%         N/A       71%         3
 Inner Flame              Hex/Fire       0%         N/A       71%         3
 Mephitic Cloud           Conj/Pois/Air  0%         N/A       71%         3
 Ozocubu's Armour         Ice            0%         N/A       71%         3
 Portal Projectile        Hex/Tloc       0%         N/A       71%         3
 Spider Form              Tmut/Pois      0%         N/A       71%         3
 Stone Arrow              Conj/Erth      0%         3d7       71%         3
 Swiftness                Air            0%         N/A       71%         3
 Teleport Other           Tloc           0%         N/A       71%         3
 Tukima's Dance           Hex            0%         N/A       71%         3
 Vampiric Draining        Necr           0%         2d6       71%         3
 Vhi's Electric Charge    Tloc/Air       0%         N/A       71%         3
 Volatile Blastmotes      Fire/Tloc      0%         2d10      71%         3
 Airstrike                Air            0%         2d(0-16)  97%         4
 Anguish                  Hex/Necr       0%         N/A       97%         4
 Animate Dead             Necr           0%         N/A       97%         4
 Dispel Undead            Necr           0%         3d6       97%         4
 Flame Wave               Conj/Fire      0%         2d4       97%         4
 Fulminant Prism          Conj/Hex       0%         3d5       97%         4
 Ice Form                 Ice/Tmut       0%         N/A       97%         4
 Iskenderun's Mystic Bla  Conj/Tloc      0%         2d3       97%         4
 Manifold Assault         Tloc           0%         N/A       97%         4
 Sticky Flame             Conj/Fire      0%         2d3       97%         4
 Summon Ice Beast         Ice/Summ       0%         N/A       97%         4
 Alistair's Intoxication  Tmut/Pois      0%         N/A       100%        5
 Arcjolt                  Conj/Air       0%         1d10      100%        5
 Blade Hands              Tmut           0%         N/A       100%        5
 Fireball                 Conj/Fire      0%         3d3       100%        5
 Irradiate                Conj/Tmut      0%         3d11      100%        5
 Lee's Rapid Deconstruct  Erth           0%         3d4*      100%        5
 Metabolic Englaciation   Hex/Ice        0%         N/A       100%        5
 Summon Forest            Summ/Tloc      0%         N/A       100%        5
 Summon Mana Viper        Hex/Summ       0%         N/A       100%        5
 Conjure Ball Lightning   Conj/Air       0%         3x3d6     100%        6
 Dispersal                Tloc           0%         N/A       100%        6
 Iron Shot                Conj/Erth      0%         9d1       100%        6
 Plasma Beam              Fire/Air       0%         2x1d11    100%        6
 Simulacrum               Ice/Necr       0%         N/A       100%        6
 Starburst                Conj/Fire      0%         6d3       100%        6
 Summon Cactus Giant      Summ           0%         N/A       100%        6
 Dragon Form              Tmut           0%         N/A       100%        7
 Haunt                    Necr/Summ      0%         N/A       100%        7
 Ozocubu's Refrigeration  Ice            0%         4d7       100%        7
 Summon Hydra             Summ           0%         N/A       100%        7
 Disjunction              Tloc           0%         N/A       100%        8
 Ignition                 Fire           0%         3d3       100%        8
 Chain Lightning          Conj/Air       0%         N/A       100%        9


Dungeon Overview and Level Annotations

Branches:
Dungeon (15/15)            Temple (0/1) D:5            Lair (5/5) D:8
  Swamp (4/4) Lair:3        Snake (4/4) Lair:3        Slime (0/5) Lair:4
    Orc (2/2) D:10            Elf (3/3) Orc:2        Vaults (5/5) D:13
  Crypt (1/3) Vaults:3     Depths (4/4) D:15            Zot (5/5) Depths:4
  Sewer (visited)          Bailey (visited)

Altars:
Elyvilon
Gozag
Hepliaklqana
Makhleb
Vehumet
Xom
Yredelemnul
The Shining One

Shops:
D:5 (=*:   D:8 *   D:9 =   D:11 [:(   Orc:2 :=(*:   Elf:1 =   Elf:3 ?
Vaults:3 !?

Portals:
Hell: Depths:1 Depths:2 Depths:3 Depths:4
Abyss: Depths:2 Depths:3
Pandemonium: Depths:2 Depths:3
Ziggurat: Depths:3

Annotations:
D:3 1 runed translucent door, Crazy Yiuf
Lair:4 exclusion: 4 oklob plants
Snake:3 3 runed translucent doors, Emergh's ghost, journeyman MiBe; Mintean's ghost, adept AtFi
Orc:2 3 runed translucent doors, ShellytheWitch's ghost, adept MiBe
Zot:1 Boris


Innate Abilities, Weirdness & Mutations

((You are very nimble when in or above water. (Stealth+, EV+, Speed+++)))
Your lower body shifts to a powerful aquatic tail in water.
You are partially covered in iridescent scales. (AC +2)
You are very clumsy. (Dex -4)
Your flesh is cold resistant. (rC+)
Your body sometimes deteriorates upon taking damage.
You are frail. (-10% HP)
You passively map a small area around you.
You frequently scream uncontrollably at your foes.
You are covered in fur. (AC +1)
You are weak. (Str -2)
Potions are less effective at restoring your health.
You are vulnerable to heat. (rF-)
Your spells are a little easier to cast, but a little less powerful.
You have hidden genetic defects.


Message History

There is a stone staircase leading up here.
You block the Orb Guardian's attack.
You fly upwards.
There is a stone staircase leading down here.
There is a stone staircase leading up here.
You fly upwards.
Level annotation: 1 runed translucent door, Crazy Yiuf
There is a stone staircase leading down here.
(D) Dungeon (T) Temple (L) Lair (S) Swamp (P) Snake Pit (M) Slime Pits (O) Orcish Mines (E) Elven Halls (V) Vaults (C) Crypt (U) Depths (H) Hell (Z) Zot
Where to? (Enter - D:4 @ (x,y), ? - help)
What level of the Dungeon? (default 1, ? - help)
There is an open door here.
You scream at the smoke demon!
A smoke demon comes into view.
A hellwing comes into view.
There is a stone staircase leading up here.
You fly upwards.
There is a stone staircase leading down here.
(D) Dungeon (T) Temple (L) Lair (S) Swamp (P) Snake Pit (M) Slime Pits (O) Orcish Mines (E) Elven Halls (V) Vaults (C) Crypt (U) Depths (H) Hell (Z) Zot
Where to? (Enter - D:1 @ (x,y), ? - help)
What level of the Dungeon? (default 1, ? - help)
There is a stone staircase leading up here.
You fly upwards.
There is a stone staircase leading down here.
You scream at the reaper!
A reaper comes into view. It is wielding a +0 scythe of flaming.
There is an open door here.
You see here a +0 club.
You reach down and open the door.
The reaper hits you but does no damage.
There is an open door here.
There is a staircase leading out of the dungeon here.
You can't go down here!
You block the reaper's attack.
You have escaped!

#.....###..##.###.#####........
#.....#...###.#...#...#........
#....##.#####.#.###.#.##...#†#†
#...'##.####..#.....#..#+..#.#)
#.[.#........##.######..#..†.#.
#..#########..#.##...#####..##.
#..# #...# ##'#'##.#.#...#..##.
#..###.#.####...##.#.#.#.#..##.
#..'.#.#.#..'.@.'..#.#.#.'.#...
#..#.#.#.#.##...####.#.###.#)#.
#..#...#.#.##2#A## #...# #.#.#.
#..#####...##.#..#########...#.
#...#..######.##........#...##.
#...'#..#.....#..####.##'...##.
#....##.#.###.#.#####.##....##.
###.....#...#.).#.###...#.....##.
........#####.###.##..###.....##.


You could see a profane servitor and a reaper.

Vanquished Creatures
  3 ancient liches
  2 dread liches
  6 orbs of fire
  2 juggernauts (Depths:3)
  Boris (Crypt:1)
  8 Killer Klowns
  2 curse toes
  A caustic shrike (Depths:3)
  Margery (Vaults:2)
  Jory (Vaults:3)
  14 golden dragons
  2 electric golems
  17 tentacled monstrosities
  3 walking crystal tomes
  2 liches
  Zenata (Elf:1)
  3 quicksilver dragons
  27 Orb Guardians
  2 deep elf master archers (Elf:3)
  Jorgrun (Orc:1)
  2 deep elf blademasters (Elf:3)
  A walking frostbound tome (Depths:3)
  3 titans (Vaults:5)
  2 walking divine tomes
  3 sphinxes
  An Executioner (Abyss:3)
  A tentacled starspawn (Abyss:3)
  Kirke (Snake:3)
  6 death cobs
  5 shadow dragons
  A thorn hunter (Swamp:3)
  9 tengu reavers
  14 nagarajas
  20 storm dragons
  8 draconian monks
  2 draconian knights
  5 fire giants
  14 frost giants
  5 draconian scorchers
  An angel (Depths:3)
  6 ghost moths
  19 ironbound preservers
  16 vault wardens
  2 ghouls (Vaults:3)
  6 iron dragons
  5 draconian annihilators
  9 draconian shifters
  6 deep elf sorcerers
  A deep elf elementalist (Elf:3)
  The ghost of Peavierr the Marksdemonspawn, a journeyman DsHu of Okawaru (D:14)
  A ghost moth (shapeshifter) (Depths:3)
  22 very ugly things
  17 stone giants
  6 draconian stormcallers
  3 war gargoyles
  2 spriggan defenders
  14 green draconians
  6 vampire knights
  8 ironbound thunderhulks
  20 black draconians
  Azrael (Snake:2)
  9 bunyips
  5 deep elf demonologists
  4 eleionomae
  6 deep elf annihilators
  14 red draconians
  Nessos (D:12)
  A minotaur (D:14)
  11 dire elephants
  5 spark wasps
  14 purple draconians
  An eidolon (Vaults:3)
  An ettin (shapeshifter) (Depths:2)
  10 ettins
  14 yellow draconians
  4 entropy weavers
  19 white draconians
  9 deep elf death magi
  10 jiangshi
  2 spriggan zombies (Crypt:1)
  A fire dragon (Depths:3)
  13 yaktaur captains
  39 vault guards
  3 deep elf high priests (Elf:3)
  Josephine (D:12)
  8 great orbs of eyes
  9 ice dragons
  3 rakshasas
  2 spriggan air magi
  A peacekeeper (Vaults:3)
  17 hydras
  A salamander tyrant (Snake:4)
  A hell beast (Depths:1)
  2 catoblepae (Lair:5)
  10 anacondas
  A fenstrider witch skeleton (Crypt:1)
  3 death knights
  3 ogre magi
  11 alligators
  A spriggan skeleton (Crypt:1)
  5 centaur warriors
  11 ironbound frosthearts
  17 dancing weapons
  A tengu warrior (Depths:2)
  17 death yaks
  12 two-headed ogres
  A hell hog (Depths:1)
  20 naga warriors
  8 deep troll earth magi
  7 vampire magi
  3 spriggan berserkers
  4 deep troll shamans
  Urug (D:10)
  31 naga sharpshooters
  2 soul eaters
  10 deep elf knights
  18 hell knights
  10 shock serpents
  A titan skeleton (Crypt:1)
  9 sun demons
  Amaemon (D:8)
  A skeletal warrior (Crypt:1)
  4 sixfirhies
  7 iron trolls
  2 wretched stars (Abyss:3)
  A storm dragon skeleton (Crypt:1)
  A death drake (Swamp:4)
  A salamander mystic (Snake:3)
  3 goliath frogs
  4 glowing orange brains
  3 spriggan druids (Swamp:4)
  2 naga ritualists
  9 swamp dragons
  An orb spider (Abyss:3)
  5 flayed ghosts
  59 deep trolls
  A shadow demon (Depths:3)
  20 ironbound convokers
  10 phantasmal warriors
  8 bog bodies
  10 lindwurms
  9 wizards
  An anaconda zombie (Crypt:1)
  12 necromancers
  5 deep elf archers
  13 mana vipers
  17 deep elf zephyrmancers
  4 orc knights
  A broodmother zombie (Crypt:1)
  An orc sorcerer (Elf:2)
  5 cyclopes
  A shining eye (Depths:1)
  A human zombie (Crypt:1)
  A stone giant zombie (Crypt:1)
  23 deep elf pyromancers
  49 ugly things
  5 manticores
  7 will-o-the-wisps
  8 salamanders
  A dire elephant zombie (Crypt:1)
  10 guardian serpents
  18 naga magi
  24 moths of wrath
  23 black mambas
  A stone giant skeleton (Crypt:1)
  16 vault sentinels
  An orange demon (Lair:1)
  9 cane toads
  A gargoyle (Bailey)
  A naga zombie (Crypt:1)
  3 eyes of devastation (Depths:1)
  A minotaur zombie (Crypt:1)
  A red draconian zombie (Crypt:1)
  An unseen horror (D:10)
  2 kobold demonologists (D:11)
  A rime drake (Lair:4)
  An efreet (D:14)
  37 yaktaurs
  A rime drake (shapeshifter) (D:14)
  9 freezing wraiths
  A yaktaur (shapeshifter) (Depths:1)
  10 komodo dragons
  7 hornets
  2 polar bears
  A red devil (Depths:3)
  3 trolls
  A queen bee (Lair:1)
  A snapping turtle (shapeshifter) (D:13)
  9 tyrant leeches
  2 hydra skeletons (Crypt:1)
  A hellwing (Depths:3)
  A harpy zombie (Abyss:3)
  6 raiju
  15 dream sheep
  An ettin zombie (Crypt:1)
  A guardian serpent zombie (Crypt:1)
  33 slime creatures
  Sigmund (D:2)
  A jumping spider (Vaults:4)
  31 blink frogs
  A jumping spider (shapeshifter) (Depths:3)
  2 culicivoras
  An ettin skeleton (Crypt:1)
  A fire dragon skeleton (Crypt:1)
  A shadow (D:10)
  11 spriggans
  5 air elementals
  4 water elementals
  8 wraiths
  2 flying skulls
  7 wyverns
  2 hogs (Snake:3)
  A fire bat (Abyss:3)
  2 chaos spawn
  8 fire elementals
  51 yaks
  A vampire (Bailey)
  4 basilisks
  10 vampire mosquitoes
  4 steam dragons
  4 redbacks (Vaults:3)
  2 harpy simulacra (Crypt:1)
  A warg (D:10)
  An acid dragon (D:11)
  9 large abominations
  57 nagas
  11 swamp worms
  A hell hound (Snake:3)
  9 water moccasins
  2 floating eyes
  Duvessa (D:7)
  A meliai simulacrum (D:14)
  9 swamp drakes
  A black bear (D:4)
  36 orc warriors
  An ice beast (D:7)
  2 sky beasts
  9 ogres
  5 boggarts (D:15)
  An ogre (shapeshifter) (Vaults:5)
  3 wolves (Lair:2)
  18 centaurs
  10 kobold brigands
  Blork the orc (D:5)
  3 phantoms
  2 elf zombies (Elf:1)
  3 earth elementals (Elf:3)
  2 scorpions
  12 bullfrogs
  3 wights (D:8)
  A troll zombie (D:10)
  Dowan (D:7)
  24 killer bees (Lair:1)
  A small abomination (Abyss:3)
  7 vampire bats (Bailey)
  8 electric eels (D:7)
  5 wolf zombies (Bailey)
  A howler monkey (D:9)
  A crimson imp (Abyss:3)
  16 orc priests
  4 hounds
  A quasit (Abyss:3)
  A starcursed mass (Abyss:3)
  7 jellies
  5 lightning spires (Zot:1)
  32 orc wizards
  6 iguanas
  5 ogre zombies (D:10)
  7 gnolls
  9 adders
  3 river rats
  A shadow imp (D:6)
  3 white imps
  An ufetubus (Abyss:3)
  10 worms
  2 dart slugs
  60 orcs
  13 ball pythons
  5 bats
  A bat skeleton (Crypt:1)
  6 endoplasms
  4 giant cockroaches
  6 goblins
  7 hobgoblins
  9 jackals
  6 quokkas
  2 frilled lizards (D:1)
  A gnoll skeleton (Crypt:1)
  A goblin skeleton (D:10)
  A goblin zombie (D:10)
  A hobgoblin skeleton (D:10)
  2 hobgoblin zombies (D:10)
  22 kobolds
  An orc skeleton (D:10)
  30 orc zombies
  5 rats
  A rat zombie (Crypt:1)
  A starspawn tentacle (Abyss:3)
2131 creatures vanquished.

Vanquished Creatures (collateral kills)
  An ancient lich (Zot:5)
  Mara (Vaults:4)
  Vashnia (Snake:3)
  An electric golem (Zot:5)
  A yellow draconian (Zot:5)
  A red draconian (Zot:5)
  A peacekeeper (Vaults:3)
  A naga warrior (Snake:3)
  2 naga sharpshooters (Snake:3)
  A guardian serpent (Snake:4)
  A naga (Snake:3)
  An orc priest (Orc:1)
13 creatures vanquished.

Vanquished Creatures (others)
  An electric golem (Zot:1)
  A lich (Zot:2)
  A death cob (Zot:2)
  A storm dragon (Zot:2)
  A deep elf sorcerer (Vaults:4)
  A draconian knight (Zot:2)
  A draconian shifter (Zot:1)
  2 curse skulls (Crypt:1)
  A draconian stormcaller (Depths:4)
  A green draconian (Depths:4)
  An eleionoma (Swamp:3)
  A yellow draconian (Zot:2)
  2 purple draconians (Zot:2)
  A dire elephant (Vaults:4)
  An anaconda (Snake:3)
  A dancing weapon (Vaults:5)
  A naga sharpshooter (Snake:2)
  A shock serpent (Zot:1)
  A flayed ghost (Depths:3)
  A bog body (Swamp:1)
  A swamp dragon (Swamp:4)
  A guardian serpent (Snake:3)
  A kobold demonologist (D:11)
  A yaktaur (Vaults:5)
  A bloated husk (Swamp:1)
  A tyrant leech (Swamp:2)
  A swamp worm (Swamp:2)
  A floating eye (shapeshifter) (D:14)
  A swamp drake (Swamp:2)
  An ogre (Vaults:5)
  A kobold (D:11)
  5 ball lightnings (Zot:1)
  24 foxfires
  13 starspawn tentacles (Abyss:3)
75 creatures vanquished.

Grand Total: 2219 creatures vanquished

Notes
Turn   | Place    | Note
-------+----------+-------------------------------------------
     0 | D:1      | diecastcamel the Merfolk Gladiator began the quest for the
                  | Orb.
     0 | D:1      | Reached XP level 1. HP: 16/16 MP: 1/1
    73 | D:1      | Reached XP level 2. HP: 22/22 MP: 2/2
   114 | D:1      | Reached skill level 5 in Polearms
   393 | D:1      | Reached XP level 3. HP: 26/27 MP: 3/3
   797 | D:2      | Found an opulent altar of Gozag.
   799 | D:2      | Noticed Sigmund
   893 | D:2      | Killed Sigmund
   894 | D:2      | Reached XP level 4. HP: 5/35 MP: 4/4
   894 | D:2      | Reached XP level 5. HP: 5/41 MP: 5/5
  1149 | D:2      | Reached XP level 6. HP: 47/47 MP: 6/6
  1981 | D:3      | Found a runed translucent door.
  1982 | D:3      | Noticed Crazy Yiuf
  2211 | D:3      | Found a faded altar of an unknown god.
  2215 | D:3      | Found a white marble altar of Elyvilon.
  2356 | D:3      | Became a worshipper of Elyvilon the Healer
  2389 | D:4      | Found a glowing drain.
  2394 | Sewer    | Entered a sewer
  2499 | Sewer    | Reached XP level 7. HP: 53/53 MP: 7/7
  2761 | Sewer    | Reached skill level 1 in Armour
  3672 | D:4      | Found a radiant altar of Vehumet.
  3806 | D:4      | Reached * piety under Elyvilon
  3813 | D:4      | Reached XP level 8. HP: 58/61 MP: 8/8
  3813 | D:4      | Identified the +3 spear "Gagoant" {vamp, Fragile Str+5
                  | Int+3}
  4113 | D:5      | Entered Level 5 of the Dungeon
  4343 | D:5      | Reached skill level 5 in Fighting
  4491 | D:5      | Found Qetzoadd's Weapon Emporium.
  4512 | D:5      | Reached skill level 10 in Polearms
  4524 | D:5      | Found Natoharo's Assorted Antiques.
  4532 | D:5      | Found Qaigodag's Jewellery Emporium.
  4532 | D:5      | Found Atast's Book Emporium.
  4584 | D:5      | Reached ** piety under Elyvilon
  4629 | D:5      | Found a staircase to the Ecumenical Temple.
  4655 | D:5      | Learned a level 2 spell: Blink
  4734 | D:5      | Noticed Blork the orc
  4739 | D:5      | Killed Blork the orc
  4740 | D:5      | Reached skill level 1 in Invocations
  5309 | D:6      | Noticed a troll
  5309 | D:6      | Noticed a shadow
  5471 | D:6      | Reached XP level 9. HP: 33/69 MP: 10/10
  5759 | D:6      | Reached *** piety under Elyvilon
  6019 | D:6      | Reached skill level 5 in Throwing
  7327 | D:7      | Noticed Duvessa
  7348 | D:7      | Killed Duvessa
  7350 | D:7      | Noticed Dowan
  7366 | D:7      | Killed Dowan
  7472 | D:7      | Reached XP level 10. HP: 79/79 MP: 13/13
  7996 | D:7      | Reached skill level 5 in Invocations
  8474 | D:8      | Found a staircase to the Lair.
  8489 | D:8      | Found a flagged portal.
  8508 | Bailey   | Entered a bailey
  8795 | Bailey   | Noticed a gargoyle
  8805 | Bailey   | Killed a gargoyle
  8873 | Bailey   | Identified the +1 scale mail of the Valley {Rampage Str+6
                  | Dex+4}
  8875 | Bailey   | Identified the +1 leather armour "Buuka" {Dex+4}
  8920 | Bailey   | Identified the scarf of the Equator {shadows, Harm rElec
                  | Str+2 SInv}
  9068 | D:8      | Noticed a two-headed ogre
  9106 | D:8      | Killed a two-headed ogre
  9107 | D:8      | Reached skill level 5 in Armour
  9275 | D:8      | Found Zynk's General Store.
  9291 | D:8      | Bought a scroll of silence for 95 gold pieces
  9291 | D:8      | Bought a potion of degeneration for 10 gold pieces
  9584 | D:8      | Found a shimmering altar of Xom.
  9584 | D:8      | Found a burning altar of Makhleb.
  9584 | D:8      | Found a hazy altar of Hepliaklqana.
  9805 | D:8      | Reached **** piety under Elyvilon
  9955 | D:9      | Reached XP level 11. HP: 84/87 MP: 15/15
 10038 | D:9      | Reached skill level 5 in Dodging
 10815 | D:9      | Found Lisiwoll's Jewellery Emporium.
 10870 | D:10     | Entered Level 10 of the Dungeon
 11066 | D:10     | Found a staircase to the Orcish Mines.
 11359 | D:10     | Reached ***** piety under Elyvilon
 11607 | D:10     | Noticed a two-headed ogre
 11620 | D:10     | Killed a two-headed ogre
 12062 | Lair:1   | Entered Level 1 of the Lair of Beasts
 12071 | Lair:1   | Noticed Amaemon
 12095 | D:8      | Killed Amaemon
 12204 | Lair:1   | Reached skill level 10 in Fighting
 12204 | Lair:1   | Reached XP level 12. HP: 97/97 MP: 18/18
 13319 | Lair:2   | Noticed a four-headed hydra
 13340 | Lair:2   | Killed a one-headed hydra
 13532 | Lair:2   | Noticed a boulder beetle
 13533 | Lair:2   | Pacified a boulder beetle
 13582 | Lair:2   | Noticed a boulder beetle
 13584 | Lair:2   | Pacified a boulder beetle
 14059 | Lair:3   | Identified the +9 long sword of Imminent Death {venom,
                  | Dex+2}
 14222 | Lair:3   | Found a staircase to the Snake Pit.
 14343 | Lair:3   | Noticed a five-headed hydra
 14349 | Lair:3   | Pacified a five-headed hydra
 14350 | Lair:3   | Reached XP level 13. HP: 106/106 MP: 17/20
 14423 | Lair:3   | Reached skill level 15 in Polearms
 14632 | Lair:2   | Reached skill level 10 in Dodging
 14709 | Lair:2   | Reached skill level 10 in Invocations
 14904 | Lair:3   | Found a staircase to the Swamp.
 15643 | Lair:4   | Reached skill level 1 in Evocations
 15722 | Lair:4   | Found a staircase to the Slime Pits.
 16737 | Lair:5   | Entered Level 5 of the Lair of Beasts
 16874 | Lair:4   | Reached XP level 14. HP: 89/116 MP: 21/21
 18838 | D:11     | Found Iruesm's Weapon Shoppe.
 19079 | D:11     | Found Falil's Book Shop.
 19106 | D:11     | Reached ****** piety under Elyvilon
 19238 | D:11     | You are sucked into a shaft and drop 1 floor!
 19385 | D:12     | Upgraded the game from 0.30.1-5-ged363bc7ee to
                  | 0.30.1-6-gbe392663c4
 19611 | D:11     | Found Avvyxikh's Armour Shop.
 20149 | D:12     | Noticed Josephine
 20160 | D:12     | Killed Josephine
 20233 | D:12     | Noticed Nessos
 20244 | D:12     | Killed Nessos
 20590 | D:13     | Reached XP level 15. HP: 123/124 MP: 23/23
 21445 | D:13     | Found a gate to the Vaults.
 21762 | Orc:1    | Entered Level 1 of the Orcish Mines
 21798 | Orc:1    | Reached skill level 5 in Evocations
 21819 | Orc:1    | Noticed Urug
 22034 | D:10     | Killed Urug
 22362 | Orc:1    | Noticed Jorgrun
 22370 | Orc:1    | Killed Jorgrun
 22580 | Orc:2    | Entered Level 2 of the Orcish Mines
 22714 | Orc:2    | Found a runed translucent gate.
 22714 | Orc:2    | Found a runed translucent gate.
 22714 | Orc:2    | Found a runed translucent gate.
 22716 | Orc:2    | Noticed ShellytheWitch's ghost (adept MiBe)
 22718 | Orc:2    | Found Obazuerph's Book Emporium.
 22781 | Orc:2    | Found a staircase to the Elven Halls.
 23494 | Orc:2    | Found Ihaig's Weapon Shoppe.
 23494 | Orc:2    | Found Zamez's Assorted Antiques.
 23494 | Orc:2    | Found Hynesoas's Book Shop.
 23497 | Orc:2    | Found Huemi's Jewellery Emporium.
 23860 | Orc:2    | Bought a condenser vane for 1040 gold pieces
 24025 | Swamp:1  | Entered Level 1 of the Swamp
 25034 | Swamp:1  | Noticed a fenstrider witch
 25035 | Swamp:1  | Pacified a fenstrider witch
 25365 | Swamp:2  | Reached skill level 15 in Dodging
 25695 | Swamp:1  | Reached XP level 16. HP: 116/134 MP: 23/25
 26478 | Swamp:2  | Reached skill level 1 in Shields
 26591 | Swamp:2  | Reached skill level 15 in Fighting
 27071 | Swamp:3  | Noticed a fenstrider witch
 27073 | Swamp:3  | Pacified a fenstrider witch
 27159 | Swamp:3  | Noticed a thorn hunter
 27164 | Swamp:3  | Noticed a thorn hunter
 27167 | Swamp:3  | Pacified a thorn hunter
 27278 | Swamp:3  | Killed a thorn hunter
 27609 | Swamp:4  | Entered Level 4 of the Swamp
 29467 | Swamp:4  | Noticed the 27-headed Lernaean hydra
 29468 | Swamp:4  | Pacified the 27-headed Lernaean hydra
 29808 | Swamp:4  | Reached skill level 10 in Evocations
 29829 | Swamp:4  | Got a decaying rune of Zot
 29919 | Swamp:4  | Reached XP level 17. HP: 144/144 MP: 26/26
 30930 | D:14     | Found a runed translucent gate.
 30930 | D:14     | Found a runed translucent gate.
 30930 | D:14     | Found a runed translucent gate.
 30939 | D:14     | Noticed Peavierr's ghost (journeyman DsHu)
 31003 | D:14     | Found a glowing golden altar of the Shining One.
 31310 | D:14     | Paralysed by a floating eye for 4 turns
 31657 | D:14     | Killed Peavierr's ghost
 31788 | D:14     | Identified the +5 scale mail of Wrong Decisions {rN+ Int+2}
 31849 | D:15     | Entered Level 15 of the Dungeon
 32778 | D:15     | Found a staircase to the Depths.
 33201 | D:15     | Identified the +1 leather armour of Apathy {rF- rN+ Will+
                  | Int+2}
 33810 | D:5      | Bought a ring of protection from fire for 300 gold pieces
 33928 | Snake:1  | Entered Level 1 of the Snake Pit
 34470 | Snake:1  | You are sucked into a shaft and drop 1 floor!
 37483 | Snake:2  | Reached skill level 5 in Shields
 37483 | Snake:2  | Reached XP level 18. HP: 142/156 MP: 27/27
 37806 | Snake:3  | Noticed Vashnia
 37893 | Snake:3  | Was placed under penance by Elyvilon
 38435 | Snake:2  | pen
 38547 | Snake:3  | Noticed Azrael
 38884 | Snake:2  | Killed Azrael
 39331 | Snake:3  | Killed Vashnia
 40216 | Snake:3  | Noticed Kirke
 40229 | Snake:3  | Killed Kirke
 40298 | Snake:3  | Was forgiven by Elyvilon
 40440 | Snake:3  | Found a runed translucent gate.
 40440 | Snake:3  | Found a runed translucent gate.
 40440 | Snake:3  | Found a runed translucent gate.
 40445 | Snake:3  | Noticed Mintean's ghost (adept AtFi)
 40446 | Snake:3  | Noticed Emergh's ghost (journeyman MiBe)
 40793 | Snake:4  | Entered Level 4 of the Snake Pit
 41167 | Snake:4  | Identified the +2 scale mail of Fashionability {Stlth+}
 41415 | Snake:4  | Identified the +1 ring mail of Surprise {Rampage Will++}
 42380 | Snake:4  | Reached skill level 10 in Shields
 44210 | Snake:4  | Identified the +1 sling "Dolulux" {heavy, Contam rElec rF+
                  | rN++}
 44305 | Snake:4  | Reached XP level 19. HP: 136/165 MP: 28/28
 44372 | Snake:4  | Got a serpentine rune of Zot
 45046 | Snake:4  | HP: 8/165 [shock serpent/bolt of electricity (13)]
 46601 | Vaults:1 | Entered Level 1 of the Vaults
 51838 | Vaults:2 | Identified the +1 ring mail "Naumm" {Str+2 SInv Stlth+}
 52345 | Vaults:2 | Reached XP level 20. HP: 160/176 MP: 29/29
 53591 | Vaults:2 | Elyvilon protects you from harm!
 53882 | Vaults:3 | Noticed Margery
 53965 | Vaults:2 | Killed Margery
 54251 | Vaults:3 | Found Fatiav Rowk's Magic Scroll Emporium.
 54264 | Vaults:3 | Bought a scroll of teleportation for 51 gold pieces
 54264 | Vaults:3 | Bought a scroll of teleportation for 51 gold pieces
 54264 | Vaults:3 | Bought a scroll of silence for 161 gold pieces
 54416 | Vaults:3 | Noticed an ancient lich
 57191 | Vaults:3 | Noticed Jory
 57201 | Vaults:3 | Killed an ancient lich
 57217 | Vaults:3 | Killed Jory
 57218 | Vaults:3 | Reached XP level 21. HP: 86/184 MP: 28/32
 57416 | Vaults:3 | Found Xatyoh's Distillery.
 57419 | Vaults:3 | Bought a potion of might for 60 gold pieces
 57419 | Vaults:3 | Bought a potion of heal wounds for 75 gold pieces
 57454 | Vaults:3 | Found a staircase to the Crypt.
 57634 | Vaults:3 | Identified the staff of poison "Eless" {rPois rC- Will+
                  | Dex+3}
 57650 | Vaults:3 | Identified the +1 robe of Negation {Str+3}
 58337 | Vaults:4 | Reached skill level 15 in Invocations
 58440 | Vaults:4 | Noticed Mara
 58452 | Vaults:4 | Noticed diecastcamel's illusion
 59014 | Elf:1    | Entered Level 1 of the Elven Halls
 59069 | Elf:1    | Identified the +6 triple sword of the Goat {freeze, rF+ rN+
                  | Will-}
 59171 | Elf:1    | Found Ginazaym's Jewellery Shoppe.
 59313 | Elf:1    | Paralysed by an air elemental for 1 turns
 59371 | Elf:1    | Noticed Zenata
 59397 | Elf:1    | HP: 2/186 [+3 heavy flail[Zenata] (12)]
 59404 | Elf:1    | HP: 6/186 [+3 heavy flail[Zenata] (34)]
 59404 | Elf:1    | Elyvilon protects you from harm!
 59711 | Elf:1    | Killed Zenata
 59856 | Elf:1    | Upgraded the game from 0.30.1-6-gbe392663c4 to
                  | 0.30.1-9-gdf580d7c3d
 60577 | Elf:1    | Paralysed by an air elemental for 1 turns
 60985 | Elf:2    | Paralysed by an air elemental for 1 turns
 60992 | Elf:2    | Paralysed by an air elemental for 1 turns
 61380 | Elf:2    | Identified a scroll of acquirement
 61382 | Elf:2    | Acquired the +1 helmet of Kitodoew {rElec rN+ Int-3 Dex+3}
 61426 | Elf:3    | Entered Level 3 of the Elven Halls
 61595 | Elf:3    | Found Osohyips's Magic Scroll Emporium.
 61630 | Elf:3    | Bought a scroll of teleportation for 45 gold pieces
 61630 | Elf:3    | Bought a scroll of acquirement for 780 gold pieces
 61630 | Elf:3    | Bought a scroll of summoning for 142 gold pieces
 61630 | Elf:3    | Bought a scroll of enchant armour for 112 gold pieces
 61639 | Elf:3    | Acquired a manual of Armour
 61689 | Elf:3    | Paralysed by an air elemental for 1 turns
 62969 | Abyss:3  | Found a corrupted altar of Lugonu.
 62969 | Abyss:3  | Cast into level 3 of the Abyss (deep elf knight)
 63079 | Abyss:3  | Found a corrupted altar of Lugonu.
 63138 | Abyss:3  | Noticed a bone dragon
 63261 | Abyss:3  | Noticed a dread lich
 63366 | Abyss:3  | Noticed a bone dragon
 63380 | Abyss:3  | Found a corrupted altar of Lugonu.
 63504 | Abyss:3  | Found a corrupted altar of Lugonu.
 63607 | Elf:3    | Escaped the Abyss
 63826 | Elf:3    | Identified the +0 leather armour of Ficoq {Harm Str+4 Int-3
                  | SInv}
 64128 | Elf:3    | Identified the +7 quick blade of Entrepreneurial Spirit
                  | {freeze, Drain rPois rF+ rN+}
 64128 | Elf:3    | Identified the ring "Nucimp" {rPois rF+ Str+6}
 64157 | Elf:3    | Reached XP level 22. HP: 154/155 MP: 26/26
 64182 | Elf:3    | Identified the +2 short sword of Lytu {freeze, rCorr Int+3
                  | Dex+2}
 64245 | Elf:3    | Reached skill level 10 in Armour
 64322 | Elf:3    | Identified the +3 leather armour of Vuosk {rCorr SInv}
 64333 | Elf:3    | Reached skill level 15 in Shields
 64604 | Elf:3    | Identified the +6 flail of Urgency {chaos, rPois rC- Dex+4
                  | Stlth+}
 64604 | Elf:3    | Identified the amulet "Qezipp" {RegenMP rPois rF+++ Regen+
                  | Int-3}
 64711 | Elf:3    | Identified the ring "Jempythri" {Wiz Will+ Str+3}
 64781 | Elf:3    | Identified the +3 mace "Nahoy" {flame, Int+2}
 64791 | Elf:3    | Identified the +2 robe of Claustrophobia {-Tele Dex+7
                  | Slay+2}
 64812 | Elf:3    | Gained mutation: You occasionally lose the ability to read
                  | scrolls when taking damage. [a cacodemon]
 64820 | Elf:3    | Gained mutation: Your spells are a little easier to cast,
                  | but a little less powerful. [a cacodemon]
 65118 | Elf:3    | Got Asmodeus's Directory of Bolts
 65124 | Elf:3    | Identified the +1 robe of Goss {rCorr}
 65131 | Elf:3    | Identified the staff of death "Ocoziu" {rN+ Str+3}
 65132 | Elf:3    | Identified the +0 leather armour "Wausoe" {rPois rC- Will-
                  | Dex+8}
 65368 | Elf:3    | Bought a scroll of fog for 60 gold pieces
 65724 | Depths:1 | Entered Level 1 of the Depths
 65725 | Depths:1 | Found a gateway to Hell.
 65850 | Depths:1 | Gained mutation: Your magical capacity is low. (-10% MP) [a
                  | shining eye]
 67451 | Depths:2 | Paralysed by a floating eye for 2 turns
 67922 | Depths:2 | Found a one-way gate leading to the halls of Pandemonium.
 67979 | Depths:2 | Identified the +0 robe of Cifeess {rPois rN++ Str-2}
 67996 | Depths:2 | Found the +4 robe of Folly {Brill Will-∞ Int+8}
 68063 | Depths:2 | Identified the staff of air "Visch" {rElec MP+9 Str+3}
 68067 | Depths:2 | Identified the +0 pair of boots "Locipesk" {rC- Dex+4}
 68642 | Depths:2 | Found a one-way gate to the infinite horrors of the Abyss.
 69086 | Depths:3 | Noticed a juggernaut
 69144 | Depths:3 | Killed a juggernaut
 69160 | Depths:3 | Reached XP level 23. HP: 117/211 MP: 30/30
 69375 | Depths:3 | Noticed a golden dragon
 69381 | Depths:3 | Noticed a caustic shrike
 69388 | Depths:3 | Killed a golden dragon
 69404 | Depths:3 | Killed a caustic shrike
 69571 | Depths:3 | Identified the ring of the Prince of Darkness {MP+9 Int+2}
 69780 | Depths:3 | Found a one-way gateway to a ziggurat.
 70596 | Depths:4 | Entered Level 4 of the Depths
 70596 | Depths:4 | Noticed a juggernaut
 70596 | Depths:4 | Found the amulet of Vitality {RegenMP++ Regen++}
 70626 | Depths:3 | Killed a juggernaut
 71994 | Depths:4 | Lost intelligence.
 71994 | Depths:4 | Gained mutation: Your muscles are strong. (Str +4, Int/Dex
                  | -1) [a shining eye]
 71995 | Depths:4 | Gained mutation: You sometimes lose the ability to read
                  | scrolls when taking damage. [a shining eye]
 72289 | Depths:3 | Lost mutation: Your magical capacity is low. (-10% MP)
                  | [potion of mutation]
 72289 | Depths:3 | Lost mutation: You sometimes lose the ability to read
                  | scrolls when taking damage. [potion of mutation]
 72289 | Depths:3 | Gained mutation: You sometimes lose the ability to read
                  | scrolls when taking damage. [potion of mutation]
 72289 | Depths:3 | Gained mutation: Your flesh is heat resistant. (rF+)
                  | [potion of mutation]
 72289 | Depths:3 | Gained mutation: You have a pair of small horns on your
                  | head. [potion of mutation]
 72289 | Depths:3 | Gained mutation: You have hidden genetic potential. [potion
                  | of mutation]
 72290 | Depths:3 | Lost mutation: Your muscles are strong. (Str +4, Int/Dex
                  | -1) [potion of mutation]
 72290 | Depths:3 | Lost mutation: You have hidden genetic potential. [potion
                  | of mutation]
 72290 | Depths:3 | Gained mutation: You occasionally lose the ability to drink
                  | potions when taking damage. [potion of mutation]
 72291 | Depths:3 | Lost mutation: You occasionally lose the ability to drink
                  | potions when taking damage. [potion of mutation]
 72291 | Depths:3 | Lost mutation: You sometimes lose the ability to read
                  | scrolls when taking damage. [potion of mutation]
 72291 | Depths:3 | Lost mutation: You have a pair of small horns on your head.
                  | [potion of mutation]
 72291 | Depths:3 | Gained mutation: You are partially covered in iridescent
                  | scales. (AC +2) [potion of mutation]
 72331 | Depths:3 | Lost mutation: Your spells are a little easier to cast, but
                  | a little less powerful. [potion of mutation]
 72331 | Depths:3 | Lost mutation: You occasionally lose the ability to read
                  | scrolls when taking damage. [potion of mutation]
 72331 | Depths:3 | Lost mutation: Your flesh is heat resistant. (rF+) [potion
                  | of mutation]
 72331 | Depths:3 | Gained mutation: You are covered in fur. (AC +1) [potion of
                  | mutation]
 72331 | Depths:3 | Gained mutation: You passively map a small area around you.
                  | [potion of mutation]
 72412 | Depths:4 | Noticed a golden dragon
 72573 | Depths:3 | Killed a golden dragon
 73286 | Depths:4 | Found a gate to the Realm of Zot.
 73380 | Depths:4 | Noticed a golden dragon
 73393 | Depths:4 | Killed a golden dragon
 74616 | Crypt:1  | Entered Level 1 of the Crypt
 74627 | Crypt:1  | Found a basalt altar of Yredelemnul.
 75428 | Crypt:1  | Reached XP level 24. HP: 225/225 MP: 34/34
 75552 | Crypt:1  | Paralysed by something for 5 turns
 75664 | Crypt:1  | Noticed Boris
 75678 | Crypt:1  | Killed Boris
 76471 | Vaults:4 | Noticed diecastcamel's illusion
 76528 | Vaults:4 | Killed Mara
 76678 | Vaults:4 | Reached skill level 27 in Fighting
 76799 | Vaults:3 | Acquired a +1 kite shield of resistance
 76929 | Vaults:4 | Paralysed by a great orb of eyes for 4 turns
 77336 | Vaults:4 | Identified the ring "Huleiz" {Drain +Blink Fly rF+ Dex+3}
 77891 | Vaults:5 | Entered Level 5 of the Vaults
 78562 | Vaults:5 | Identified the +8 demon whip "Jiepradaxa" {elec, Will-
                  | Dex+5}
 78967 | Vaults:5 | Reached XP level 25. HP: 221/234 MP: 31/34
 79239 | Vaults:5 | Reached skill level 10 in Throwing
 79445 | Vaults:5 | Reached skill level 27 in Dodging
 79457 | Vaults:5 | Identified the +0 robe of the Eight Boll Weevils {Int+4
                  | SInv}
 79581 | Vaults:5 | Got a silver rune of Zot
 79738 | Vaults:5 | Noticed a dread lich
 80100 | Vaults:5 | Killed a dread lich
 80316 | Vaults:5 | Identified the +7 sling "Merfolk's Peril" {heavy, Str+4
                  | Dex+2}
 80364 | Vaults:5 | Got the Catalogue of Deathly Changes
 80835 | Vaults:5 | Identified the staff of air "Hustugycs" {rElec rF+ rC+
                  | Str+3}
 80930 | Vaults:5 | Got Qoostr Cifa's Reference Book on Flashy Ensorcelling
 81007 | Vaults:5 | Identified the ring of Fuist {rPois rCorr Str+3 Int+2}
 81111 | Vaults:5 | Acquired a manual of Shields
 81113 | Vaults:5 | Acquired 785 gold pieces
 81409 | Orc:2    | Bought a phial of floods for 1040 gold pieces
 81525 | D:8      | Bought a potion of haste for 100 gold pieces
 81788 | Zot:1    | Entered Level 1 of the Realm of Zot
 82692 | Zot:1    | Noticed a Killer Klown
 82761 | Zot:1    | Killed a Killer Klown
 84236 | Zot:2    | Noticed an orb of fire
 84255 | Zot:2    | Gained mutation: You sometimes lose your temper in combat.
                  | [an orb of fire]
 84267 | Zot:2    | Killed an orb of fire
 84268 | Zot:2    | Reached XP level 26. HP: 242/242 MP: 35/35
 84572 | Zot:2    | Noticed an orb of fire
 84716 | Zot:2    | Gained mutation: Your body sometimes deteriorates upon
                  | taking damage. [an orb of fire]
 84729 | Zot:2    | Killed an orb of fire
 85040 | Zot:1    | Lost mutation: You sometimes lose your temper in combat.
                  | [potion of mutation]
 85040 | Zot:1    | Lost mutation: You are partially covered in iridescent
                  | scales. (AC +2) [potion of mutation]
 85040 | Zot:1    | Gained mutation: You are partially covered in iridescent
                  | scales. (AC +2) [potion of mutation]
 85623 | Zot:2    | Noticed an orb of fire
 86097 | Zot:3    | Identified the +2 leather armour of the Slug {Harm Dex+2}
 88791 | Zot:4    | Reached skill level 15 in Throwing
 90170 | Zot:5    | Entered Level 5 of the Realm of Zot
 91087 | Zot:4    | Reached XP level 27. HP: 142/249 MP: 36/36
 91590 | Zot:5    | Noticed a dread lich
 91612 | Zot:4    | Killed a dread lich
 91649 | Zot:5    | Noticed an orb of fire
 91660 | Zot:5    | Noticed an orb of fire
 91660 | Zot:5    | Gained mutation: Potions are less effective at restoring
                  | your health. [an orb of fire]
 91661 | Zot:5    | Gained mutation: Your flesh is cold resistant. (rC+) [an
                  | orb of fire]
 91668 | Zot:5    | Gained mutation: You are clumsy. (Dex -2) [an orb of fire]
 91672 | Zot:5    | Gained mutation: You are vulnerable to heat. (rF-) [an orb
                  | of fire]
 91680 | Zot:4    | Gained mutation: You are very clumsy. (Dex -4) [an orb of
                  | fire]
 91681 | Zot:4    | Gained mutation: You are weak. (Str -2) [an orb of fire]
 91692 | Zot:4    | Gained mutation: You occasionally shout uncontrollably at
                  | your foes. [an orb of fire]
 91701 | Zot:4    | Killed an orb of fire
 91806 | Zot:4    | Killed an orb of fire
 92013 | Zot:5    | Noticed an ancient lich
 92032 | Zot:4    | Killed an ancient lich
 92342 | Zot:5    | Noticed an orb of fire
 92372 | Zot:5    | Killed an orb of fire
 92853 | Zot:5    | Noticed an orb of fire
 92862 | Zot:5    | Gained mutation: You have hidden genetic defects. [an orb
                  | of fire]
 92883 | Zot:5    | Gained mutation: You are frail. (-10% HP) [an orb of fire]
 92889 | Zot:5    | Gained mutation: Your spells are a little easier to cast,
                  | but a little less powerful. [an orb of fire]
 92893 | Zot:5    | Killed an orb of fire
 93023 | Zot:5    | Noticed an ancient lich
 93091 | Zot:5    | Killed an ancient lich
 93739 | Zot:5    | Noticed an ancient lich
 94108 | Zot:5    | Reached skill level 15 in Armour
 94178 | Zot:5    | Killed an ancient lich
 94186 | Zot:5    | Gained mutation: You frequently scream uncontrollably at
                  | your foes. [hidden defects]
 94321 | Zot:5    | Got the Orb of Zot
 94365 | Zot:3    | Noticed Hajamyob the pandemonium lord
 94401 | Zot:2    | Noticed Siruob the pandemonium lord
 94446 | Zot:1    | Noticed Boris
 94493 | Zot:1    | HP: 5/224 [Boris/iron shot (97)]
 94939 | D:$      | Escaped with the Orb!

Illustrated notes

.........#### #....# #...#
##.##.......## #....###...#
#...#....#...# ######...##.#.
#...#...##.^.#######...####.##.#.
#...#...####..##...#.......)...#.
#...###.## #...........#######.#.
###.###..# ##..^..[.#### #.#.
.........####........# #...
.....###..#.....@....## ###.
..#.........####.#.#..# #...
####...#..............########.##
#......######.......#...##..##
##.#....##...................)
#........#..........#...######
#...#..#.#...#)#.>.........#
###...#..#.####..<.#.........#
#....#...#.#.............#...###


Turn 38435 on Snake:2: pen

Levels and vault maps discovered:
D:1:      nicolae_arrival_somewhat_less_tricky_arrival, layout_rooms
D:2:      layout_basic, basic_altar, uniq_sigmund
D:3:      layout_basic, nicolae_overflow_ecumenical_swirl, serial_glass,
          glass_columns_a, glass_columns_b, uniq_crazy_yiuf_cottage
D:4:      layout_cave_pools, lemuel_coloured_pillars_altar, gup_sewer_entry_bowl
D:5:      layout_cave_pools, minmay_temple_entry_offerings,
          minmay_shop_grid_forest, uniq_blork_the_orc
D:6:      layout_gridville, minmay_misc_feat_cross, lightli_corner_chamber
D:7:      layout_gridville, serial_bayou, serial_bayou_shore_a,
          serial_bayou_lagoon_b, serial_bayou_crossing, serial_bayou_lagoon_a,
          minmay_fractal_squares_diagonal_5, uniq_duvessa
D:8:      layout_loops_corners, gammafunk_temple_overflow_forgotten,
          dpeg_oklobed_lair, serial_shops, nicolae_lakefront_shop,
          enter_bailey_4
D:9:      layout_basic, serial_shops, kennysheep_mini_moat,
          minmay_splitting_lines
D:10:     layout_basic, zombieorc1_lemuel
D:11:     layout_long_grid, serial_shops, nicolae_book_shop_shelving,
          nicolae_shop_mannequins, shop
D:12:     layout_stronghold, uniq_josephine, uniq_nessos
D:13:     layout_cave_pods, david_vaults_4
D:14:     layout_loops_ring, basic_altar, maelrawn_ghost_gauntlet_escape,
          minivault_24, kennysheep_nub, amcnicky_mini_corridor_feature
D:15:     grunt_enter_depths_hoard, layout_layer_cave
Lair:1:   layout_roguey [special_room_bee], small_statue_intersection,
          infiniplex_staircase_pool_2, grunt_megastairs_1, uniq_amaemon
Lair:2:   layout_regular_city, lemuel_fruit_tree, grunt_megastairs_2
Lair:3:   layout_loops_ring, swamp_mist, minmay_snake_entry_guardpost_small
Lair:4:   layout_loops_ring, slime_entry_1, disabler_island
Lair:5:   evilmike_catoblepas_cave, layout_long_grid, minivault_25
Swamp:1:  layout_falls_marsh, evilmike_swamp_ruin_house_4,
          nicolae_swamp_spooky_pond
Swamp:2:  layout_basic_swamp, evilmike_swamp_ruin_house_3,
          infiniplex_staircase_pool
Swamp:3:  layout_basic_swamp, evilmike_swamp_ruin_rubble_2, swamp_pool3
Swamp:4:  swamp_old_school, layout_basic_swamp, swamp_pool2,
          nicolae_swamp_frolicking_bunyips
Snake:1:  layout_misc_corridors
Snake:2:  layout_misc_corridors
Snake:3:  layout_misc_corridors, gammafunk_ghost_cemetery,
          chequers_hall_statues_corner_a, uniq_kirke, uniq_vashnia, uniq_azrael
Snake:4:  grunt_snake_rune_spirals, layout_onion
Orc:1:    layout_diamond_mine, uniq_jorgrun, uniq_urug
Orc:2:    st_orc_rangers, layout_caves, gammafunk_ghost_necromancy,
          serial_shops, nicolae_book_shop_shelving
Elf:1:    eino_elf_arrival_the_gate, layout_onion_city, serial_shops, shop,
          minmay_elf_necromancy, kilobyte_mutagenic_chamber, uniq_zenata
Elf:2:    nicolae_elf_blades_splatter_lattice
          [nicolae_vaults_blade_armed_guards], layout_rooms, grunt_megastairs_4,
          lemuel_elevator
Elf:3:    elf_hall, layout_gridlike, serial_shops, shop, nicolae_elf_w_pinch
Vaults:1: hangedman_vaults_impose, v_misc_19, v_misc_19,
          nicolae_vaults_little_squares_4, nicolae_vaults_closet_pinwheel_6,
          nicolae_vaults_apartment_1, nicolae_vaults_tetromino_L_2,
          vaults_room_semicircle, layout_vaults_omnigrid
Vaults:2: grunt_vaults_twisty, hangedman_vaults_capsules,
          nicolae_vaults_wrenched, hangedman_vaults_snaps,
          nicolae_vaults_surprise_closet, nicolae_vaults_triangles,
          nicolae_vaults_storage_room_doors, vaults_room_semicircle,
          nicolae_vaults_surprise_closet_hard, vaults_room_semicircle,
          layout_vaults_big_room
Vaults:3: minmay_crypt_entry_simple_plaza, ontoclasm_vaults_tryst, v_misc_8,
          v_pattern_3, nicolae_vaults_big_ls, v_misc_32,
          nicolae_vaults_steering_wheel, nicolae_vaults_storage_closets_1,
          vaults_room_hallway, nicolae_vaults_storage_room_glass, v_misc_18,
          nicolae_vaults_you_can_take_it_with_you, nicolae_vaults_house_2,
          layout_vaults_ring, serial_shops, shop, nicolae_shop_behind_doors,
          uniq_margery, uniq_jory
Vaults:4: nicolae_vaults_alarming, nicolae_vaults_ninety_degrees,
          nicolae_vaults_tetromino_L_2, v_misc_30,
          nicolae_vaults_an_arrangement, nicolae_vaults_diamond_1, v_misc_10,
          nicolae_vaults_heist, nicolae_vaults_little_squares_2,
          nicolae_vaults_angled_halls, nicolae_vaults_network_periphery,
          nicolae_vaults_tetromino_L_1, nicolae_vaults_tetromino_Z_2,
          layout_vaults_maze_bifur, uniq_mara
Vaults:5
Crypt:1:  hangedman_screamer, layout_rooms, basic_altar, grunt_ministairs_6,
          hex_intersection, grunt_crypt_arrival_webbed
Depths:1: layout_gridlike, nicolae_hell_entry_hellmouth_sunbeams,
          corexii_hall_statues_l, kennysheep_just_a_vault
Depths:2: minmay_the_grid_octo_2x2 [minmay_the_grid_octo_empty,
          minmay_the_grid_octo_fat_diamond, minmay_the_grid_octo_empty,
          minmay_the_grid_octo_prize_single_spiral], layout_long_grid,
          kennysheep_pointless_box, grunt_hell_entry_dis_grunt,
          abyss_entry_small_statue_room, pan_entry, grunt_decor_resistance
Depths:3: minmay_nine_rooms, layout_gridville, enter_ziggurat_f, hell_entry,
          rand_demon_pan_entry_4, abyss_entry_crystal
Depths:4: grunt_x_marks_the_spot, layout_cave_pools, roderic_lattice_a,
          pf_hell_entry_great_geh, serial_bayou_pond_c
Zot:1:    infiniplex_zot_generator, layout_basic
Zot:2:    layout_twisted_circle, grunt_ministairs_8, nrook_zot_tub
Zot:3:    nicolae_moth_party, layout_misc_corridors
Zot:4:    layout_gridville
Zot:5:    layout_misc_corridors, hangedman_zot_decor_slant, grunt_ministairs_13,
          hangedman_zot_decor_checkerboard

Skill      XL: |  1  2  3  4  5  6  7  8  9 10 11 12 13 14 15 16 17 18 19 20 21 22 23 24 25 26 27 |
---------------+----------------------------------------------------------------------------------+-----
Polearms       | 5 7 9 10 11 12 13 14 16 17 18 | 18.0
Fighting       | 3 4 5 7 8 10 11 12 13 14 16 17 18 19 20 21 24 26 27 | 27.0
Throwing       | 3 4 5 6 7 9 12 16 | 16.0
Armour         | 1 2 4 5 6 7 8 9 11 12 13 15 | 15.4
Invocations    | 2 4 6 8 9 10 11 12 13 14 15 17 19 20 | 20.0
Dodging        | 7 9 11 13 15 17 18 19 21 22 23 24 26 27 | 27.0
Evocations     | 2 4 7 10 11 | 11.0
Shields        | 1 5 10 12 13 14 15 16 18 20 | 20.0

Action                     |  1- 3 |  4- 6 |  7- 9 | 10-12 | 13-15 | 16-18 | 19-21 | 22-24 | 25-27 || total
---------------------------+-------+-------+-------+-------+-------+-------+-------+-------+-------++-------
  Melee: Trident           |    79 |    30 |       |       |       |  1244 |  2968 |  3230 |  3150 || 10701
         Halberd           |       |    51 |   301 |   702 |  1263 |  1130 |       |       |       ||  3447
         Tailslap          |       |     1 |       |       |       |       |       |       |       ||     1
         Punch             |       |     1 |       |       |       |       |       |       |       ||     1
         Unarmed           |       |       |       |       |       |     3 |       |       |       ||     3
  Throw: Stone             |     5 |     3 |     1 |       |       |       |       |       |       ||     9
         Throwing net      |     3 |       |     1 |     3 |       |       |       |       |       ||     7
         Javelin           |     1 |     2 |     1 |     1 |     1 |       |     3 |    24 |    33 ||    66
         Boomerang         |       |     6 |    10 |     9 |     3 |     3 |     2 |     2 |    92 ||   127
         Dart              |       |       |    61 |    39 |    28 |     5 |       |       |       ||   133
 Invoke: Purification      |       |       |     1 |     4 |     7 |     3 |     2 |     1 |       ||    18
         Heal Self         |       |       |     1 |     1 |       |     8 |    32 |    16 |    13 ||    71
         Heal Other        |       |       |       |     5 |    11 |    14 |     6 |    17 |       ||    53
         Divine Vigour     |       |       |       |       |       |       |       |     1 |     1 ||     2
  Evoke: Wand              |       |       |     8 |    12 |    14 |    42 |    14 |    17 |    10 ||   117
         Phantom mirror    |       |       |       |       |     1 |     2 |     4 |     2 |     1 ||    10
         Box of beasts     |       |       |       |       |     1 |     1 |     2 |     1 |       ||     5
         Condenser vane    |       |       |       |       |       |     2 |     1 |     2 |     1 ||     6
         Phial of floods   |       |       |       |       |       |       |       |       |     2 ||     2
    Use: Scroll            |     2 |     4 |    11 |     4 |    12 |    11 |    24 |     9 |    13 ||    90
         Potion            |       |       |       |       |     1 |    19 |    11 |     6 |     3 ||    40
   Stab: Distracted        |       |       |       |       |       |       |     2 |     1 |       ||     3
 Armour: Leather armour    |    12 |       |       |       |       |       |       |       |       ||    12
         Scale mail        |    27 |    22 |    79 |   190 |   205 |    40 |   314 |    33 |       ||   910
         Swamp dragon scal |       |       |       |       |       |   319 |    28 |       |       ||   347
         Plate armour      |       |       |       |       |       |     6 |       |       |       ||     6
         Ring mail         |       |       |       |       |       |       |    82 |     4 |       ||    86
         Chain mail        |       |       |       |       |       |       |       |   665 |    73 ||   738
         Quicksilver drago |       |       |       |       |       |       |       |       |   433 ||   433
  Dodge: Dodged            |    38 |    35 |   121 |   320 |   729 |  1304 |  1206 |  1900 |  1743 ||  7396
  Block: Other             |       |       |       |       |    84 |   148 |       |       |       ||   232
         Reflection        |       |       |       |       |    17 |   167 |   110 |     6 |       ||   300
         Buckler           |       |       |       |       |       |     1 |       |       |       ||     1
         Kite shield       |       |       |       |       |       |   301 |       |   398 |  1300 ||  1999
         Tower shield      |       |       |       |       |       |   569 |  2399 |  1853 |       ||  4821
